 Dungeon Crawl Stone Soup version 0.32-a0-132-g2d33c3cfaf (webtiles) character file.

Game seed: 10569219950586432

18 Bravepunisher the Ducker (level 2, -3/16 HPs)
             Began as a Spriggan Monk on Feb 9, 2024.
             Slain by Terence
             ... wielding a +0 short sword of speed
              (4 damage)
             ... on level 2 of the Dungeon.
             The game lasted 00:00:58 (263 turns).

Bravepunisher the Ducker (Spriggan Monk)             Turns: 263, Time: 00:00:59

Health: -3/16      AC:  2    Str:  7    XL:     2   Next: 51%
Magic:  3/3        EV: 19    Int: 11    God:
Gold:   13         SH:  0    Dex: 17    Spells: 1/1 levels left

rFire   . . .        d - +2 dagger (freeze)
rCold   . . .        (no shield)
rNeg    . . .        b - +0 robe
rPois   .            (helmet restricted)
rElec   .            (no cloak)
rCorr   .            (gloves unavailable)
SInv    +            (boots unavailable)
Will    .....        (no amulet)
Stlth   ++           (no ring)
HPRegen 0.22/turn    (no ring)
MPRegen 0.08/turn

%: no passive effects
@: very quick
A: very small, no large weapons, unfitting armour, see invisible, speed 3
a: no special abilities


You were on level 2 of the Dungeon.
You visited 1 branch of the dungeon, and saw 2 of its levels.

You collected 13 gold pieces.

Inventory:

Hand Weapons
 d - a +2 dagger of freezing (weapon)
Armour
 b - a +0 robe (worn)


   Skills:
 + Level 2.7 Fighting
 - Level 3.2 Short Blades
 * Level 4.8 Dodging


You had one spell level left.
You didn't know any spells.
Your spell library was empty.

Dungeon Overview and Level Annotations

Branches:
Dungeon (2/15)

Altars:

Annotations:
D:2 Terence


Innate Abilities, Weirdness & Mutations

You are very small and have problems with some larger weapons.
You are too small for most types of armour.
You have supernaturally acute eyesight. (SInv)
You cover ground extremely quickly. (Speed+++)


Message History

You hit Terence but do no damage.
Terence is lightly wounded.
Terence hits you with a +0 short sword of speed.
You are confused.
You feel invigorated. Terence completely misses you.
You hit Terence but do no damage.
Terence is lightly wounded.
Terence completely misses you. Terence misses you.
You barely miss Terence. Your punch misses Terence.
Terence is lightly wounded.
Terence misses you.
You hit Terence but do no damage.
Terence is lightly wounded.
Terence misses you.
You closely miss Terence.
Terence is lightly wounded.
Terence barely misses you.
Terence hits you with a +0 short sword of speed.
You closely miss Terence. Terence barely misses you.
You're too confused to move!
You feel less invigorated.
You feel less confused. Terence misses you.
Terence hits you with a +0 short sword of speed.
You hit Terence. You freeze Terence.
Terence is lightly wounded.
Terence screams, "I want your blood!" Terence completely misses you.
You hit Terence but do no damage.
Terence is lightly wounded.
Terence hits you with a +0 short sword of speed.
You hit Terence but do no damage. Your punch misses Terence.
Terence is lightly wounded.
Terence completely misses you.
You closely miss Terence.
Terence is lightly wounded.
Terence hits you with a +0 short sword of speed.
* * * LOW HITPOINT WARNING * * *
Terence hits you with a +0 short sword of speed.
You die...
Terence says, "Time to find some more victims."

.##
..#
...
#.#
#.#
#.#
#@#
#@#
#.#
#.#
#.#
#.#.#
#.#.#
#.#.#
####
#.#.#
....
#.#.#


You could see Terence.

Vanquished Creatures
  An adder (D:2)
  A ribbon worm (D:2)
  A ball python (D:2)
  A hobgoblin (D:1)
  A kobold (D:2)
  A quokka (D:2)
  A frilled lizard (D:1)
  A rat (D:2)
8 creatures vanquished.

Notes
Turn   | Place    | Note
-------+----------+-------------------------------------------
     0 | D:1      | Bravepunisher the Spriggan Monk began the quest for the
                  | Orb.
     0 | D:1      | Reached XP level 1. HP: 11/11 MP: 2/2
   102 | D:2      | Reached XP level 2. HP: 13/16 MP: 3/3
   244 | D:2      | Noticed Terence
   263 | D:2      | Slain by Terence

Illustrated notes

Levels and vault maps discovered:
D:1:      lightli_arrival_chessboard, layout_basic
D:2:      layout_loops_ring, uniq_terence, uniq_robin, uniq_crazy_yiuf_cottage

Action                     || total
---------------------------++-------
  Melee: Short sword       ||    22
         Punch             ||     1
         Dagger            ||    20
    Use: Potion            ||     1
   Stab: Distracted        ||     1
 Armour: Robe              ||    12
  Dodge: Dodged            ||    38

Table legend: (Time is in decaauts)
 A = Elapsed time spent in this place.
 B = Non-inter-level travel time spent in this place.
 C = Inter-level travel time spent in this place.
 D = Time resting spent in this place.
 E = Time spent auto-exploring this place.
 F = Levels seen in this place.
 G = Mean time per level.
                   A        B        C        D        E       F      G
               +--------+--------+--------+--------+--------+-----+--------+
         Total |    192 |    192 |      0 |      0 |    105 |   2 |   96.0 |
       Dungeon |    192 |    192 |      0 |      0 |    105 |   2 |   96.0 |
               +--------+--------+--------+--------+--------+-----+--------+

Top non-repeatable levels by time:
     D:2: 148 daAuts
     D:1: 44 daAuts
